Map: New Gettysburg LE

Players

Rob - Winner!

  • Race: Protoss Protoss
  • League: Grandmaster
  • Spawn Location: 5:00

Jason

  • Race: Terran Terran
  • League: Grandmaster
  • Spawn Location: 7:00

VOD

Have the link to the VOD?

Description

Time

  • Played on: May 14, 2019, 4:32 p.m.
  • Length: 13:04
Show
View Real Time Build Order
Export as new Build Order

Rob Protoss - Winner!

Build Orders: 1 Gate Expand, Oracle Opening 

Get SALT Encoding   

  12  0:00  Probe  
  13  0:13  Probe  
  14  0:18  Pylon  
  14  0:25  Probe  
  15  0:33  Probe  
  15  0:39  Gateway  
  15  0:41  Probe  
  16  0:46  Assimilator  
  17  0:51  Probe  
  18  1:03  Probe  
  19  1:08  Pylon  
  19  1:15  Probe  
  20  1:26  Nexus  
  20  1:35  Cybernetics Core  
  20  1:38  Probe  
  21  1:46  Assimilator  
  21  1:50  Probe  
  22  1:57  Pylon  
  22  2:02  Probe  
  22  2:05  Adept  
  23  2:15  Warp Gate, Probe  
  26  2:27  Probe  
  27  2:33  Stargate  
  27  2:36  Adept  
  29  2:38  Pylon  
  29  2:42  Probe  
  30  2:46  Probe  
  31  2:54  Probe  
  32  2:59  Probe  
  33  3:06  Probe  
  33  3:08  Oracle  
  33  3:11  Probe  
  35  3:13  Stalker  
  35  3:18  Probe  
  41  3:21  Assimilator  
  41  3:23  Probe  
  41  3:25  Assimilator  
  42  3:30  Probe  
  43  3:35  Probe  
  43  3:38  Pylon  
  44  3:42  Probe  
  44  3:47  Probe  
  46  3:50  Shield Battery  
  46  3:56  Probe  
  46  4:00  Fleet Beacon  
  46  4:01  Probe  
  48  4:08  Probe  
  48  4:09  Stargate  
  49  4:15  Stalker  
  51  4:23  Probe  
  51  4:24  Probe  
  53  4:27  Pylon  
  53  4:28  Pylon  
  53  4:32  Tempest  
  53  4:36  Probe  
  54  4:41  Pylon, Tempest  
  54  4:45  Probe  
  60  4:58  Pylon  
  65  5:02  Tempest  
  65  5:06  Pylon  
  65  5:10  Shield Battery  
  65  5:12  Tempest  
  75  5:28  Gateway  
  75  5:34  Gateway  
  75  5:39  Tempest  
  75  5:49  Tempest  
  85  5:58  Pylon  
  85  6:01  Pylon  
  85  6:13  Tempest  
  85  6:21  Twilight Council  
  90  6:31  Tempest  
  95  6:40  Stalker x3  
  101  6:57  Gateway  
  101  6:58  Gateway  
  101  7:12  Stalker x3  
  92  7:30  Tempest x2  
  92  7:35  Charge  
  93  7:52  Zealot x4  
  93  7:54  Zealot  
  93  7:57  Nexus  
  103  8:09  Pylon  
  103  8:12  Tempest  
  108  8:23  Stalker  
  108  8:26  Tempest  
  115  8:27  Pylon  
  115  8:28  Pylon  
  115  8:31  Pylon  
  110  8:55  Tempest  
  110  9:04  Zealot x4  
  110  9:05  Zealot, Tempest  
  110  9:06  Probe x2  
  127  9:22  Assimilator, Templar Archives  
  127  9:26  Assimilator  
  127  9:28  Tempest  
  127  9:45  Zealot x3  
  138  9:56  Tempest  
  143  10:11  Tempest  
  133  10:26  Psionic Storm  
  114  10:38  Zealot x5, Tempest  
  114  10:49  Probe x3  
  102  10:57  Probe x3  
  102  11:02  High Templar x2  
  102  11:03  Zealot x3  
  115  11:08  Forge, Tempest  
  115  11:10  Probe  
  115  11:14  Forge  
  121  11:26  High Templar x2  
  121  11:31  Zealot  
  125  11:41  Tempest  
  125  11:45  Stalker  
  125  11:46  Stalker  
  123  12:03  Zealot x3  
  129  12:13  Zealot x2  
  133  12:27  Shield Battery  
  133  12:28  Zealot x3  
  133  12:29  Shield Battery  
  139  12:34  Zealot x2  
  143  12:45  Zealot x3  
  149  12:57  Archon  
  149  13:02  Zealot x2  
Show
View Real Time Build Order
Export as new Build Order

Jason Terran 

Build Orders:  

Get SALT Encoding   

  12  0:00  SCV  
  13  0:12  SCV  
  14  0:20  Supply Depot  
  14  0:25  SCV  
  15  0:31  Refinery  
  15  0:41  SCV  
  16  0:45  Barracks  
  16  0:53  SCV  
  17  1:05  SCV  
  18  1:17  SCV  
  20  1:33  Reaper, Orbital Command  
  20  1:57  Command Center  
  20  2:01  SCV  
  20  2:07  Factory  
  21  2:10  Barracks Reactor  
  21  2:15  SCV  
  22  2:22  Supply Depot  
  22  2:27  SCV, Refinery  
  23  2:44  SCV  
  24  2:55  Barracks Tech Lab  
  24  2:56  SCV  
  24  2:57  Starport  
  29  2:58  Hellion x2  
  29  3:09  Orbital Command  
  29  3:13  SCV  
  30  3:25  SCV  
  31  3:29  Marine  
  31  3:30  Supply Depot  
  31  3:31  Siege Tank  
  35  3:36  Marine  
  36  3:43  Viking  
  36  3:44  SCV  
  36  3:46  SCV  
  40  3:51  Marine  
  40  3:54  Marine  
  42  3:57  SCV  
  43  4:04  Siege Tank  
  43  4:06  Supply Depot  
  43  4:08  SCV  
  47  4:10  SCV  
  47  4:12  Marine x2  
  50  4:17  Starport Tech Lab  
  50  4:21  SCV  
  50  4:22  SCV  
  51  4:30  Barracks  
  51  4:31  Barracks  
  51  4:39  Raven  
  51  4:41  SCV  
  51  4:42  SCV  
  51  4:43  Marine  
  56  4:45  Refinery  
  56  4:50  Supply Depot  
  56  4:51  Engineering Bay  
  56  4:53  SCV  
  56  4:54  SCV  
  58  5:00  Stimpack  
  58  5:01  Marine  
  58  5:04  Supply Depot  
  58  5:05  SCV  
  58  5:06  SCV  
  61  5:15  Factory Reactor  
  61  5:17  SCV  
  61  5:18  SCV, Supply Depot  
  61  5:19  Marauder  
  65  5:28  Supply Depot, Marine x2  
  67  5:29  SCV  
  67  5:30  SCV  
  67  5:31  Starport Reactor, Combat Shield, Marine  
  67  5:34  Missile Turret  
  70  5:42  Terran Infantry Weapons Level 1, SCV  
  71  5:44  SCV  
  71  5:47  Marine x2  
  74  5:54  Marauder, SCV  
  74  5:56  Marauder, Supply Depot  
  79  5:59  SCV  
  84  6:07  Marine  
  84  6:10  Viking x2  
  84  6:15  Marauder  
  90  6:18  Marine, Widow Mine x2  
  90  6:19  Marine  
  90  6:25  Marine  
  93  6:36  Marauder  
  93  6:38  Refinery  
  93  6:42  Viking  
  93  6:47  Viking  
  93  6:49  SCV  
  93  6:53  SCV  
  95  6:54  Supply Depot  
  95  6:55  Supply Depot  
  95  6:56  Refinery  
  95  7:00  Marine x3  
  95  7:01  Marauder  
  100  7:02  SCV  
  101  7:12  Viking  
  102  7:17  Viking  
  102  7:19  Marauder  
  106  7:29  Marine x3  
  83  7:41  Starport  
  83  7:42  Viking  
  83  7:43  Marine  
  82  7:47  Viking, SCV, Marine x3  
  80  7:56  SCV  
  81  7:59  SCV  
  81  8:01  Marine  
  81  8:05  Marine x3  
  86  8:08  SCV  
  86  8:12  Viking  
  89  8:17  Viking  
  89  8:19  Marine  
  88  8:22  Marine  
  88  8:23  Marine x2  
  90  8:29  Viking x2  
  94  8:37  Marine  
  94  8:42  Viking  
  94  8:47  Viking  
  96  8:54  Marine  
  93  8:59  Viking  
  95  9:05  Marine x2  
  95  9:08  Marine  
  97  9:12  Viking  
  97  9:16  Viking  
  93  9:42  Viking x2  
  93  9:43  Viking  
  99  9:45  Marine x2  
  99  9:46  Viking, Marine  
  99  9:52  Refinery  
  102  10:00  SCV x2  
  102  10:03  Marine x3  
  107  10:12  Viking x2  
  107  10:13  Viking  
  109  10:16  Viking  
  94  10:38  Marine  
  92  10:48  SCV, Marine  
  92  10:49  Marine  
  95  10:52  SCV  
  94  10:57  Marine  
  94  11:01  Refinery  
  95  11:06  Medivac, Marine  
  95  11:07  Marauder, Medivac  
  96  11:14  Barracks  
  97  11:21  Medivac  
  97  11:24  SCV, Command Center  
  99  11:30  Barracks  
  99  11:32  Factory Reactor  
  99  11:38  Marine x2  
  99  11:39  Marauder  
  103  11:42  SCV  
  103  11:44  Viking  
  106  11:53  Marine  
  103  11:56  SCV, Marine  
  103  12:00  Marauder, Marine  
  108  12:01  Ghost Academy  
  106  12:12  SCV  
  106  12:13  Viking  
  107  12:24  Marine  
  107  12:25  Barracks Tech Lab x2  
  108  12:31  SCV  
  108  12:34  Ghost  
Tags
 
Add a new tag
Caveats
  • Supply blocks, unpowered buildings, or Contaminate may cause inaccurate times.
  • Supply counts are checked every 10 seconds.